 Dungeon Crawl Stone Soup version 0.24.0-123-gd5b16e6ec5 (webtiles) character file.

Game seed: 18144192118357901773, levelgen mode: deterministic

67 Kobolds4U the Conjurer (level 3, -8/19 HPs)
             Began as a Deep Elf Conjurer on Dec 21, 2019.
             Mangled by a gnoll
             ... wielding a +0 spear
              (10 damage)
             ... on level 2 of the Dungeon.
             The game lasted 00:04:48 (1409 turns).

Kobolds4U the Conjurer (Deep Elf Conjurer)          Turns: 1409, Time: 00:04:49

Health: -8/19      AC:  2    Str:  6    XL:     3   Next: 98%
Magic:  4/9        EV: 13    Int: 19    God:
Gold:   85         SH:  0    Dex: 15    Spells: 5/8 levels left

rFire    . . .     SeeInvis .   b - +0 dagger
rCold    . . .     Gourm    .   (no shield)
rNeg     . . .     Faith    .   a - +0 robe
rPois    .         Spirit   .   (no helmet)
rElec    .         Reflect  .   (no cloak)
rCorr    .         Harm     .   (no gloves)
MR       .....                  (no boots)
Stlth    ++........             (no amulet)
HPRegen  0.06/turn              (no ring)
MPRegen  0.11/turn              (no ring)

@: no status effects
A: no striking features
a: no special abilities


You were on level 2 of the Dungeon.
You were not hungry.

You visited 1 branch of the dungeon, and saw 2 of its levels.

You collected 85 gold pieces.

Inventory:

Hand Weapons
 b - a +0 dagger (weapon)
Armour
 a - a +0 robe (worn)
Scrolls
 d - a scroll of magic mapping {unknown}
 f - a scroll of blinking {unknown}
 g - a scroll of fog {unknown}
 i - 2 scrolls of teleportation {unknown}
 l - a scroll of remove curse {unknown}
Potions
 e - 2 potions of curing {unknown}
 h - a potion of mutation {unknown}
 j - 2 potions of agility {unknown}
 k - a potion of flight {unknown}
Comestibles
 c - 3 rations
 m - 4 chunks of flesh


   Skills:
 - Level 2.4 Dodging
 - Level 2.4 Stealth
 - Level 3.0 Spellcasting
 + Level 6.1 Conjurations


You had 5 spell levels left.
You knew the following spells:

 Your Spells              Type           Power        Failure   Level  Hunger
a - Magic Dart            Conj           ####         1%          1    None
b - Searing Ray           Conj           ####..       1%          2    ##.....

Your spell library contained the following spells:

 Spells                   Type           Power        Failure   Level  Hunger
 Iskenderun's Mystic Bla  Conj           ####....     12%         4    ####...
 Dazzling Spray           Conj/Hex       ##....       13%         3    ###....
 Force Lance              Conj/Tloc      ##......     38%         4    ####...
 Fulminant Prism          Conj/Hex       ##........   38%         4    ####...


Dungeon Overview and Level Annotations

Branches:
Dungeon (2/15)

Altars:
Elyvilon


Message History

The searing ray hits the gnoll!
You kill the gnoll!
The searing ray hits the gnoll.
The gnoll is heavily wounded.
The gnoll hits you from afar with a +0 spear!
Ouch! That really hurt!
Without enough magic to sustain it, your searing ray dissipates.
The gnoll closely misses you.
Your magical contamination has completely faded away.
You open the door.
The gnoll hits you from afar with a +0 spear.
* * * LOW HITPOINT WARNING * * *
There is an open door here.
You see here a bat skeleton.
Things that are here:
a +0 dagger; a goblin skeleton
Found a ration.
The gnoll hits you from afar with a +0 spear!
Ouch! That really hurt!
You die...

#+########..#
#%###...@...##..#
##......###.# ...
##.#.###..g# #.#
#.### .......÷...#
#.# #...#
###.##.....###.#
#.#.###
#.....÷...###.....##
#.#................##
#.#....####...≈≈≈...#
#.#.#### #..≈≈≈≈≈..#


You could see a gnoll.

Vanquished Creatures
  2 gnolls (D:2)
  3 dart slugs
  2 leopard geckos (D:2)
  4 bats
  A giant cockroach (D:2)
  4 goblins
  6 hobgoblins
  6 jackals (D:1)
  5 kobolds
  A ball python (D:2)
  A frilled lizard (D:1)
  2 rats
37 creatures vanquished.

Notes
Turn   | Place    | Note
-------+----------+-------------------------------------------
     0 | D:1      | Kobolds4U the Deep Elf Conjurer began the quest for the
                  | Orb.
     0 | D:1      | Reached XP level 1. HP: 10/10 MP: 6/6
   156 | D:1      | Reached XP level 2. HP: 15/15 MP: 5/8
   160 | D:1      | Learned a level 2 spell: Searing Ray
   311 | D:1      | Reached skill level 5 in Conjurations
   814 | D:1      | Reached XP level 3. HP: 19/19 MP: 4/9
  1188 | D:2      | Found a white marble altar of Elyvilon.
  1363 | D:2      | Reached skill level 6 in Conjurations
  1409 | D:2      | Mangled by a gnoll

Levels and vault maps discovered:
D:1:      saegor_arrival_miasma, layout_basic
D:2:      layout_loops_corners, elyvilon_altar_3, first_ration, st_stairs_6

Skill      XL: |  1  2  3 |
---------------+----------+-----
Conjurations   | 5 6 |  6.1
Dodging        | |  2.4
Stealth        | |  2.4
Spellcasting   | |  3.0

Action                   || total
-------------------------++-------
 Cast: Magic Dart        ||    71
       Searing Ray       ||     1
  Eat: Chunk             ||     1
Dodge: Dodged            ||     9
